 Dungeon Crawl Stone Soup version 0.31.0-12-g77e489cdc1 (webtiles) character file.

Game seed: 8452415620917371259

331 gohu the Magician (level 6, -7/40 HPs)
             Began as a Djinni Fire Elementalist on Mar 6, 2024.
             Was an Initiate of Makhleb.
             Killed by psychic fangs
             ... invoked by a brain worm
              (12 damage)
             ... in a sewer.
             The game lasted 00:09:22 (2924 turns).

gohu the Magician (Djinni Fire Elementalist)        Turns: 2924, Time: 00:09:22

Health: -7/40      AC:  2    Str:  7    XL:     6   Next: 82%
Gold:   122        EV: 17    Int: 20    God:    Makhleb [......] SH:  0 Dex: 11

rFire   + + .        (no weapon)
rCold   + . .        (no shield)
rNeg    . . .        a - +0 robe
rPois   ∞            (no helmet)
rElec   .            q - scarf {rC+ rF+}
rCorr   +            (no gloves)
SInv    .            (boots unavailable)
Will    .....        (no amulet)
Stlth   ++           r - +5 ring of evasion
HPRegen 0.26/turn    p - ring of Oroc Ceu {Ice +Blink rCorr Int+2 Dex-3}
MPRegen 0.00/turn

%: infuse magic (-8 HP)
@: flying
A: sickness immunity, fire resistance 2, cold vulnerability 1, float, innate
caster, HP casting, extra vitality 1
a: Renounce Religion, Evoke Blink


You were in a sewer.
You worshipped Makhleb.
Makhleb was noncommittal.
You visited 2 branches of the dungeon, and saw 6 of its levels.
You also visited: Sewer.

You collected 218 gold pieces.
You spent 96 gold pieces at shops.

Inventory:

Hand Weapons
 j - a +2 vampiric dagger
Armour
 a - a +0 robe (worn)
 q - a scarf of resistance (worn)
 t - the +1 ring mail of Enwuadua {rF+}
   (You found it on level 3 of the Dungeon)

   rF+:       It protects you from fire.
Jewellery
 b - a +6 ring of strength
 p - the ring of Oroc Ceu (right hand) {Ice +Blink rCorr Int+2 Dex-3}
   (You took it off a hobgoblin on level 2 of the Dungeon)

   [ring of ice]

   Ice:       It enhances your ice magic.
   Int+2:     It affects your intelligence (+2).
   Dex-3:     It affects your dexterity (-3).
   rF-:       It makes you vulnerable to fire.
   rC+:       It protects you from cold.
   +Blink:    It lets you blink.
   rCorr:     It protects you from acid and corrosion.
 r - a +5 ring of evasion (left hand)
Scrolls
 c - a scroll of enchant weapon {unknown}
 d - 2 scrolls of fog
 f - a scroll of revelation
 g - 3 scrolls of identify {unknown}
 h - a scroll of brand weapon {unknown}
 i - 2 scrolls of vulnerability {unknown}
 m - a scroll of immolation {unknown}
 n - a scroll of noise {unknown}
 s - a scroll of acquirement {unknown}
Potions
 e - 2 potions of heal wounds {unknown}
 k - a potion of magic {unknown}
 l - a potion of curing
 o - 2 potions of enlightenment {unknown}
 u - a potion of ambrosia {unknown}
 v - a potion of berserk rage {unknown}
 w - a potion of mutation


   Skills:
 - Level 2.1 Dodging
 - Level 1.5 Stealth
 + Level 5.9 Spellcasting
 + Level 5.9 Conjurations
 + Level 5.9 Hexes
 + Level 5.9 Summonings
 + Level 5.9 Necromancy
 + Level 5.9 Translocations
 + Level 5.9 Fire Magic
 + Level 5.9 Ice Magic
 + Level 5.9 Air Magic
 + Level 5.9 Earth Magic
 + Level 5.9 Alchemy


You knew the following spells:

 Your Spells              Type           Power      Damage    Failure   Level
a - Foxfire               Conj/Fire      100%       2x1d9     1%          1
b - Flame Wave            Conj/Fire      29%        2d9       10%         4
c - Volatile Blastmotes   Fire/Tloc      58%        2d14      2%          3
d - Inner Flame           Hex/Fire       29%        N/A       2%          3
e - Scorch                Fire           58%        2d7       1%          2
f - Shock                 Conj/Air       100%       1d9       1%          1
g - Momentum Strike       Conj/Tloc      58%        3d9       1%          2
Your spell library was empty.

Dungeon Overview and Level Annotations

Branches:
Dungeon (5/15)             Temple (1/1) D:4           Sewer (1/1)

Altars:
Ashenzari
Cheibriados
Gozag
Hepliaklqana
Makhleb
Nemelex Xobeh
Okawaru
Qazlal
Ru
Trog
Wu Jian
Xom
Yredelemnul

Shops:
D:5 *


Innate Abilities, Weirdness & Mutations

You are immune to sickness and miasma.
You are immune to poison.
Your flesh is very heat resistant. (rF++)
You are vulnerable to cold. (rC-)
You float through the air rather than walking.
You learn spells naturally, not from books.
Your magical power is your life essence.
You have superior vitality. (+4 MHP)


Message History

Found a gate leading back out of this place.
There is an empty arch of ancient stone here.
Casting: Foxfire (safe; 1% risk of failure)
Confirm with . or Enter, or press ? or * to list all spells.
You conjure some foxfire!
The foxfire hits the kobold.
You kill the kobold!
Makhleb accepts your kill.
The brain worm's bulging head throbs.
Something gnaws heavily on your mind!
Casting: Foxfire (safe; 1% risk of failure)
Confirm with . or Enter, or press ? or * to list all spells.
You conjure some foxfire!
* * * LOW HITPOINT WARNING * * *
The foxfire hits the brain worm.
The brain worm is moderately wounded.
The brain worm's bulging head throbs.
Something gnaws heavily on your mind!
* * * LOW HITPOINT WARNING * * *
The foxfire hits the brain worm.
The brain worm is moderately wounded.
The foxfire hits the brain worm.
The brain worm is heavily wounded.
Casting: Foxfire (safe; 1% risk of failure)
Confirm with . or Enter, or press ? or * to list all spells.
You don't have enough health to cast this spell.
It was a potion of curing.
You feel better.
Okay, then.
Casting: Foxfire (safe; 1% risk of failure)
Confirm with . or Enter, or press ? or * to list all spells.
Aiming: Shock (safe; 1% risk of failure)
Press: ? - help, Shift-Dir - straight line The zap hits the brain worm.
The brain worm is heavily wounded.
The zap hits the brain worm!
The brain worm is almost dead.
* * * LOW HITPOINT WARNING * * *
The brain worm's bulging head throbs.
Something gnaws heavily on your mind!
You die...

### #∩# # #.#
.#
#+##+##.##)##+#
...............
~~~~~~~.~~~~~~~
≈≈≈≈≈≈≈@≈≈≈≈≈≈≈
~~~~~~~.~~~~~~~
......w........
#'##'##+##+##'#
# #. # #


You could see a brain worm.

Vanquished Creatures
  Sigmund (D:2)
  6 adders
  4 river rats (D:4)
  2 dart slugs
  6 ribbon worms
  An orc (D:3)
  6 ball pythons
  3 endoplasms
  8 goblins
  6 hobgoblins
  3 quokkas
  4 bats
  2 frilled lizards
  10 kobolds
  7 rats
69 creatures vanquished.

Vanquished Creatures (others)
  265 foxfires
265 creatures vanquished.

Grand Total: 334 creatures vanquished

Notes
Turn   | Place    | Note
-------+----------+-------------------------------------------
     0 | D:1      | gohu the Djinni Fire Elementalist began the quest for the
                  | Orb.
     0 | D:1      | gohu set off with the following spells memorised: Foxfire,
                  | Scorch, Volatile Blastmotes, Inner Flame, Flame Wave.
     0 | D:1      | Reached XP level 1. HP: 15/15 MP: 0/0
   311 | D:1      | Reached XP level 2. HP: 20/21 MP: 0/0
   841 | D:1      | Reached XP level 3. HP: 23/25 MP: 0/0
   841 | D:1      | Learned a level 1 spell: Shock
  1326 | D:2      | Noticed Sigmund
  1334 | D:2      | Killed Sigmund
  1335 | D:2      | Reached skill level 5 in Spellcasting
  1335 | D:2      | Reached skill level 5 in Conjurations
  1335 | D:2      | Reached skill level 5 in Hexes
  1335 | D:2      | Reached skill level 5 in Summonings
  1335 | D:2      | Reached skill level 5 in Necromancy
  1335 | D:2      | Reached skill level 5 in Translocations
  1335 | D:2      | Reached skill level 5 in Fire Magic
  1335 | D:2      | Reached skill level 5 in Ice Magic
  1335 | D:2      | Reached skill level 5 in Air Magic
  1335 | D:2      | Reached skill level 5 in Earth Magic
  1335 | D:2      | Reached skill level 5 in Alchemy
  1335 | D:2      | Reached XP level 4. HP: 22/31 MP: 0/0
  1335 | D:2      | Reached XP level 5. HP: 25/35 MP: 0/0
  1335 | D:2      | Learned a level 2 spell: Momentum Strike
  1335 | D:2      | Reached XP level 6. HP: 29/40 MP: 0/0
  1846 | D:2      | Identified the ring of Oroc Ceu {Ice +Blink rCorr Int+2
                  | Dex-3}
  2126 | D:3      | Found a stormy altar of Qazlal.
  2357 | D:3      | Identified the +1 ring mail of Enwuadua {rF+}
  2442 | D:3      | Found a bloodstained altar of Trog.
  2648 | D:4      | Found a staircase to the Ecumenical Temple.
  2659 | Temple   | Entered the Ecumenical Temple
  2674 | Temple   | Became a worshipper of Makhleb the Destroyer
  2705 | D:4      | You are sucked into a shaft and drop 1 floor!
  2705 | D:5      | Entered Level 5 of the Dungeon
  2708 | D:5      | Found Pousoeps's General Store.
  2721 | D:5      | Bought a potion of mutation for 96 gold pieces
  2909 | D:4      | Found a glowing drain.
  2918 | Sewer    | Entered a sewer
  2921 | Sewer    | HP: 1/40 [brain worm/psychic fangs (12)]
  2924 | Sewer    | Killed from afar by a brain worm

Illustrated notes

Levels and vault maps discovered:
D:1:      kilobyte_arrival_exit_the_forest, layout_basic
D:2:      layout_loops_corners, minmay_misc_feat_four_crosses, uniq_sigmund
D:3:      layout_rooms, nicolae_qazlal_general_emergency,
          mainiacjoe_overflow_alcove_4
D:4:      layout_rooms, elyvilon_altar_4, led_sif_book,
          minmay_temple_entry_statues_fountains, lightli_sewer_entry_pipes,
          serial_curves, eino_curves_04, eino_curves_01,
          nicolae_shop_dragon_depot, uniq_menkaure
D:5:      wander_river, layout_basic, gammafunk_ghost_icy, serial_shops,
          nicolae_shop_drivethru, nicolae_shop_pleasant_corner_grove,
          nicolae_wooded_promenade, minmay_divided_ellipse, uniq_ijyb
Temple:   hellmonk_temple_of_storms
Sewer:    kennysheep_door_sewer

Skill      XL: |  1  2  3 |
---------------+----------+-----
Spellcasting   | 5 |  5.9
Conjurations   | 5 |  5.9
Hexes          | 5 |  5.9
Summonings     | 5 |  5.9
Necromancy     | 5 |  5.9
Translocations | 5 |  5.9
Fire Magic     | 5 |  5.9
Ice Magic      | 5 |  5.9
Air Magic      | 5 |  5.9
Earth Magic    | 5 |  5.9
Alchemy        | 5 |  5.9
Dodging        | |  2.1
Stealth        | |  1.5

Action                     |  1- 3 |  4- 6 || total
---------------------------+-------+-------++-------
   Cast: Foxfire           |    72 |    97 ||   169
         Volatile Blastmot |     2 |       ||     2
         Inner Flame       |     1 |       ||     1
         Shock             |       |     1 ||     1
         Flame Wave        |       |     1 ||     1
Ability: Evoke Blink       |       |     2 ||     2
    Use: Scroll            |       |     3 ||     3
         Potion            |       |     1 ||     1
 Armour: Robe              |     4 |    11 ||    15
  Dodge: Dodged            |     8 |    21 ||    29
